AA C
AMARILLO SOD POODLES @ NORTHWEST ARKANSAS NATURALS
09/27/2037
 
TOP OF THE 1ST
Amarillo Sod Poodles batting - Pitching for Northwest Arkansas Naturals : RHP Sevas Lloyd
Pitching: RHP Sevas Lloyd
Batting: RHB Kenneth Gaudet 0-0: Ball
1-0: Called Strike
1-1: Ball
2-1: SOLO HOME RUN (Flyball, 9D, EV 106.9 MPH), Distance : 415 ft
Batting: RHB Jonathan Hibbs 0-0: Ball
1-0: Ground out 6-3 (Groundball, 6, EV 110.0 MPH)
Batting: RHB Mike Goff 0-0: Ball
1-0: Ground out 6-3 (Groundball, 6, EV 85.0 MPH)
Batting: RHB Jelani Brown 0-0: Called Strike
0-1: Fly out, F8 (Flyball, 8RM, EV 90.6 MPH)
Top of the 1st over - 1 run, 1 hit, 0 errors, 0 left on base; Amarillo 1 - Northwest Arkansas 0
BOTTOM OF THE 1ST
Northwest Arkansas Naturals batting - Pitching for Amarillo Sod Poodles : RHP Zion Shane
Pitching: RHP Zion Shane
Batting: SHB Derek Ruiz 0-0: Called Strike
0-1: Bunted foul
0-2: Fly out, F3 (Popup, 3, EV 35.6 MPH)
Batting: RHB Eric Vaughn 0-0: Ball
1-0: Foul Ball, location: 9LMF
1-1: Bunt for hit to 13S - play at first, batter OUT! 1-3
Batting: RHB Danny Minniefield 0-0: Ball
1-0: Ball
2-0: Called Strike
2-1: Swinging Strike
2-2: Ball
3-2: Fly out, F8 (Flyball, 8LXD, EV 104.4 MPH)
Bottom of the 1st over - 0 runs, 0 hits, 0 errors, 0 left on base; Amarillo 1 - Northwest Arkansas 0
TOP OF THE 2ND
Amarillo Sod Poodles batting - Pitching for Northwest Arkansas Naturals : RHP Sevas Lloyd
Batting: LHB Alex Ruiz 0-0: Called Strike
0-1: Foul Ball, location: 2F
0-2: Ball
1-2: Strikes out swinging
Batting: RHB Josh Tatro 0-0: Foul Ball, location: 2F
0-1: Foul Ball, location: 2F
0-2: Ball
1-2: Ball
2-2: Ground out U3 (Groundball, 3S, EV 91.3 MPH)
Batting: LHB Roarke White 0-0: Called Strike
0-1: Ball
1-1: Foul Ball, location: 25F
1-2: Ball
2-2: Strikes out swinging
Top of the 2nd over - 0 runs, 0 hits, 0 errors, 0 left on base; Amarillo 1 - Northwest Arkansas 0
BOTTOM OF THE 2ND
Northwest Arkansas Naturals batting - Pitching for Amarillo Sod Poodles : RHP Zion Shane
Batting: RHB Dana Navarrete 0-0: Swinging Strike
0-1: Ground out U3 (Groundball, 3S, EV 63.8 MPH)
Batting: LHB Masanori Yasuhara 0-0: Ball
1-0: Ball
2-0: SINGLE (Line Drive, 89S, EV 105.6 MPH)
Batting: RHB Jonathan Timms 0-0: Called Strike
0-1: Ball
1-1: Ball
2-1: Foul Ball, location: 3F
2-2: Ball
3-2: Foul Ball, location: 2F
3-2: Strikes out looking
Batting: RHB Stephon Milien 0-0: Ball
1-0: Called Strike
1-1: Called Strike
1-2: Strikes out swinging
Bottom of the 2nd over - 0 runs, 1 hit, 0 errors, 1 left on base; Amarillo 1 - Northwest Arkansas 0
TOP OF THE 3RD
Amarillo Sod Poodles batting - Pitching for Northwest Arkansas Naturals : RHP Sevas Lloyd
Batting: RHB Chris Henry 0-0: Ball
1-0: Ball
2-0: Ball
3-0: Base on Balls
Batting: SHB Allbry Herrera 0-0: Foul Ball, location: 2F
0-1: Fly out, F6 (Popup, 15, EV 81.3 MPH)
Batting: RHB Kenneth Gaudet 0-0: Hit by Pitch
Chris Henry to second
Batting: RHB Jonathan Hibbs 0-0: Ball
1-0: Swinging Strike
1-1: Swinging Strike
1-2: Foul Ball, location: 3F
1-2: Fielders Choice at 2nd, 3-6 (Groundball, 34S, EV 82.5 MPH)
Chris Henry to third
Batting: RHB Mike Goff 0-0: Ball
1-0: Foul Ball, location: 9LSF
1-1: Fly out, F3 (Popup, 34S, EV 76.9 MPH)
Top of the 3rd over - 0 runs, 0 hits, 0 errors, 2 left on base; Amarillo 1 - Northwest Arkansas 0
BOTTOM OF THE 3RD
Northwest Arkansas Naturals batting - Pitching for Amarillo Sod Poodles : RHP Zion Shane
Batting: RHB Josh Harris 0-0: Foul Ball, location: 2F
0-1: Foul Ball, location: 9LDF
0-2: SINGLE (Line Drive, 4MD, EV 96.9 MPH)
Batting: RHB Caleb Irvin 0-0: Sac Bunt to 15 - play at first, batter OUT! 1-3
Josh Harris to second
Batting: SHB Derek Ruiz 0-0: Called Strike
0-1: Swinging Strike
0-2: Ball
1-2: Ball
2-2: Ball
3-2: SINGLE (Line Drive, 7S, EV 96.9 MPH)
Josh Harris to third
Batting: RHB Eric Vaughn 0-0: Ball
1-0: Foul Ball, location: 5FF
1-1: DOUBLE (Line Drive, 7LD, EV 108.8 MPH)
Josh Harris scores
Derek Ruiz to third
Batting: RHB Danny Minniefield 0-0: Called Strike
0-1: Ball
1-1: Ball
2-1: Foul Ball, location: 5F
2-2: Ball
3-2: Strikes out swinging
Batting: RHB Dana Navarrete 0-0: Foul Ball, location: 2F
0-1: Foul Ball, location: 2F
0-2: 3-RUN HOME RUN (Line Drive, 8RXD, EV 111.9 MPH), Distance : 453 ft
Batting: LHB Masanori Yasuhara 0-0: Ball
1-0: Ball
2-0: Called Strike
2-1: Fly out, F9 (Flyball, 89S, EV 88.8 MPH)
Bottom of the 3rd over - 4 runs, 4 hits, 0 errors, 0 left on base; Amarillo 1 - Northwest Arkansas 4
TOP OF THE 4TH
Amarillo Sod Poodles batting - Pitching for Northwest Arkansas Naturals : RHP Sevas Lloyd
Batting: RHB Jelani Brown 0-0: Ball
1-0: Ground out 5-3 (Groundball, 56, EV 91.9 MPH)
Batting: LHB Alex Ruiz 0-0: Foul Ball, location: 2F
0-1: Swinging Strike
0-2: Ground out 6-3 (Groundball, 6S, EV 86.3 MPH)
Batting: RHB Josh Tatro 0-0: Ball
1-0: DOUBLE (Line Drive, 89D, EV 108.1 MPH)
Batting: LHB Roarke White 0-0: Called Strike
0-1: SINGLE (Groundball, 4D, EV 96.3 MPH)
Josh Tatro to third
Batting: RHB Chris Henry 0-0: Called Strike
0-1: Swinging Strike
0-2: Foul Ball, location: 3F
0-2: Strikes out looking
Top of the 4th over - 0 runs, 2 hits, 0 errors, 2 left on base; Amarillo 1 - Northwest Arkansas 4
BOTTOM OF THE 4TH
Northwest Arkansas Naturals batting - Pitching for Amarillo Sod Poodles : RHP Zion Shane
Batting: RHB Jonathan Timms 0-0: Called Strike
0-1: Fly out, F8 (Flyball, 89M, EV 96.3 MPH)
Batting: RHB Stephon Milien 0-0: SINGLE (Flyball, 8RS, EV 100.6 MPH)
Batting: RHB Josh Harris 0-0: Ball
1-0: Ball
2-0: Called Strike
2-1: Foul Ball, location: 2F
2-2: Ball
3-2: SINGLE (Line Drive, 8RS, EV 106.3 MPH)
Stephon Milien to second
Batting: RHB Caleb Irvin 0-0: Grounds into double play, 6-4-3 (Groundball, 6M, EV 85.0 MPH)
Bottom of the 4th over - 0 runs, 2 hits, 0 errors, 1 left on base; Amarillo 1 - Northwest Arkansas 4
TOP OF THE 5TH
Amarillo Sod Poodles batting - Pitching for Northwest Arkansas Naturals : RHP Sevas Lloyd
Batting: SHB Allbry Herrera 0-0: Ball
1-0: Called Strike
1-1: Called Strike
1-2: Foul Ball, location: 7LDF
1-2: Foul Ball, location: 2F
1-2: Ground out 4-3 (Groundball, 34, EV 107.5 MPH)
Batting: RHB Kenneth Gaudet 0-0: Ball
1-0: Called Strike
1-1: Foul Ball, location: 2F
1-2: Ground out 6-3 (Groundball, 6, EV 88.8 MPH)
Batting: RHB Jonathan Hibbs 0-0: Ball
1-0: Ground out 5-3 (Groundball, 56, EV 91.9 MPH)
Top of the 5th over - 0 runs, 0 hits, 0 errors, 0 left on base; Amarillo 1 - Northwest Arkansas 4
BOTTOM OF THE 5TH
Northwest Arkansas Naturals batting - Pitching for Amarillo Sod Poodles : RHP Zion Shane
Batting: SHB Derek Ruiz 0-0: Ball
1-0: Ball
2-0: Called Strike
2-1: Ball
3-1: Called Strike
3-2: Foul Ball, location: 3F
3-2: Base on Balls
Batting: RHB Eric Vaughn 0-0: Called Strike
0-1: Ball
1-1: Ball
2-1: Foul Ball, location: 9LSF
2-2: Fly out, F7 (Line Drive, 7D, EV 104.4 MPH)
Batting: RHB Danny Minniefield 0-0: Ball
1-0: Called Strike
1-1: Fly out, F7 (Flyball, 7, EV 96.3 MPH)
Batting: RHB Dana Navarrete 0-0: Ball
1-0: Ball
2-0: Called Strike
2-1: Foul Ball, location: 2F
2-2: Strikes out swinging wild pitch, reaches first!
Derek Ruiz to second
Batting: LHB Masanori Yasuhara 0-0: Ball
1-0: Ball
2-0: Ball
3-0: Called Strike
3-1: Base on Balls
Derek Ruiz to third
Dana Navarrete to second
Batting: RHB Jonathan Timms 0-0: Ball
1-0: Ball
2-0: Called Strike
2-1: Ball
3-1: Called Strike
3-2: Fly out, F9 (Flyball, 89S, EV 88.1 MPH)
Bottom of the 5th over - 0 runs, 0 hits, 0 errors, 3 left on base; Amarillo 1 - Northwest Arkansas 4
TOP OF THE 6TH
Amarillo Sod Poodles batting - Pitching for Northwest Arkansas Naturals : RHP Sevas Lloyd
Batting: RHB Mike Goff 0-0: Ball
1-0: Ball
2-0: Called Strike
2-1: Called Strike
2-2: Fly out, F9 (Line Drive, 9, EV 93.1 MPH)
Batting: RHB Jelani Brown 0-0: Swinging Strike
0-1: Ball
1-1: Ground out 6-3 (Groundball, 56, EV 77.5 MPH)
Batting: LHB Alex Ruiz 0-0: Foul Ball, location: 2F
0-1: Fly out, F9 (Flyball, 89M, EV 96.3 MPH)
Top of the 6th over - 0 runs, 0 hits, 0 errors, 0 left on base; Amarillo 1 - Northwest Arkansas 4
BOTTOM OF THE 6TH
Northwest Arkansas Naturals batting - Pitching for Amarillo Sod Poodles : RHP Zion Shane
Batting: RHB Stephon Milien 0-0: Foul Ball, location: 2F
0-1: Ball
1-1: Ground out 5-3 (Groundball, 56, EV 103.1 MPH)
Batting: RHB Josh Harris 0-0: Ball
1-0: DOUBLE (Flyball, 8RXD, EV 105.6 MPH)
Pitching: RHP Willie Armas
Batting: RHB Caleb Irvin 0-0: SINGLE (Line Drive, 8LS, EV 91.3 MPH)
Josh Harris to third
Runner from 3rd tries for Home, SAFE, throw by CF to home
Batting: SHB Derek Ruiz 0-0: Ball
1-0: Fly out, F1 (Line Drive, P, EV 68.1 MPH)
Lined into DP, 1-3 (Line Drive, P, EV 68.1 MPH)
Bottom of the 6th over - 1 run, 2 hits, 0 errors, 0 left on base; Amarillo 1 - Northwest Arkansas 5
TOP OF THE 7TH
Amarillo Sod Poodles batting - Pitching for Northwest Arkansas Naturals : RHP Sevas Lloyd
Batting: RHB Josh Tatro 0-0: Called Strike
0-1: Called Strike
0-2: Ball
1-2: Ball
2-2: Fly out, F9 (Flyball, 89S, EV 93.1 MPH)
Batting: LHB Roarke White 0-0: Ball
1-0: Called Strike
1-1: Ground out 4-3 (Groundball, 4, EV 101.3 MPH)
Batting: RHB Chris Henry 0-0: Called Strike
0-1: Ball
1-1: Called Strike
1-2: Foul Ball, location: 2F
1-2: Foul Ball, location: 2F
1-2: Ground out 6-3 (Groundball, 6, EV 90.0 MPH)
Top of the 7th over - 0 runs, 0 hits, 0 errors, 0 left on base; Amarillo 1 - Northwest Arkansas 5
BOTTOM OF THE 7TH
Northwest Arkansas Naturals batting - Pitching for Amarillo Sod Poodles : RHP Willie Armas
Batting: RHB Eric Vaughn 0-0: Ball
1-0: Ball
2-0: Swinging Strike
2-1: Ground out 5-3 (Groundball, 56, EV 89.4 MPH)
Batting: RHB Danny Minniefield 0-0: Ground out 6-3 (Groundball, 6, EV 86.9 MPH)
Batting: RHB Dana Navarrete 0-0: Swinging Strike
0-1: Foul Ball, location: 23F
0-2: Foul Ball, location: 23F
0-2: Ball
1-2: SOLO HOME RUN (Flyball, 9D, EV 103.1 MPH), Distance : 409 ft
Batting: LHB Masanori Yasuhara 0-0: Fly out, F9 (Flyball, 89M, EV 95.6 MPH)
Bottom of the 7th over - 1 run, 1 hit, 0 errors, 0 left on base; Amarillo 1 - Northwest Arkansas 6
TOP OF THE 8TH
Amarillo Sod Poodles batting - Pitching for Northwest Arkansas Naturals : RHP Sevas Lloyd
Batting: SHB Allbry Herrera 0-0: Called Strike
0-1: Fly out, F7 (Flyball, 7, EV 98.1 MPH)
Pitching: RHP Luis Esqueda
Batting: RHB Kenneth Gaudet 0-0: Called Strike
0-1: Ball
1-1: Ball
2-1: SOLO HOME RUN (Flyball, 9D, EV 103.1 MPH), Distance : 405 ft
Batting: RHB Jonathan Hibbs 0-0: Ground out U3 (Groundball, 34S, EV 87.5 MPH)
Batting: RHB Mike Goff 0-0: Foul Ball, location: 2RF
0-1: Swinging Strike
0-2: Ball
1-2: Ball
2-2: Strikes out swinging
Top of the 8th over - 1 run, 1 hit, 0 errors, 0 left on base; Amarillo 2 - Northwest Arkansas 6
BOTTOM OF THE 8TH
Northwest Arkansas Naturals batting - Pitching for Amarillo Sod Poodles : RHP Willie Armas
Batting: RHB Jonathan Timms 0-0: Ball
1-0: Ball
2-0: Called Strike
2-1: Ball
3-1: Base on Balls
Batting: RHB Stephon Milien 0-0: Ball
Jonathan Timms is caught stealing 2nd base 2-4
1-0: Swinging Strike
1-1: Ball
2-1: Foul Ball, location: 9LDF
2-2: Ball
3-2: Foul Ball, location: 2F
3-2: SINGLE (Groundball, 56D, EV 98.1 MPH)
Batting: RHB Josh Harris 0-0: Ball
1-0: Called Strike
1-1: Foul Ball, location: 2F
1-2: Ball
2-2: Foul Ball, location: 7LDF
2-2: Grounds out, U3 (Groundball, 3L, EV 90.6 MPH)
Batting: RHB Caleb Irvin 0-0: Called Strike
0-1: SINGLE (Flyball, 3D, EV 85.6 MPH)
Stephon Milien to third
Runner from 3rd tries for Home, SAFE, throw by RF to home
Batting: SHB Derek Ruiz 0-0: Ball
1-0: Called Strike
1-1: Foul Ball, location: 2RF
1-2: Fielders Choice at 2nd, 6-4 (Groundball, 6MD, EV 105.0 MPH)
Bottom of the 8th over - 1 run, 2 hits, 0 errors, 1 left on base; Amarillo 2 - Northwest Arkansas 7
TOP OF THE 9TH
Amarillo Sod Poodles batting - Pitching for Northwest Arkansas Naturals : RHP Luis Esqueda
Batting: RHB Jelani Brown 0-0: Called Strike
0-1: Ball
1-1: Ball
2-1: Ball
3-1: Foul Ball, location: 2F
3-2: Foul Ball, location: 2F
3-2: Strikes out swinging
Batting: LHB Alex Ruiz 0-0: Called Strike
0-1: Foul Ball, location: 2F
0-2: Ball
1-2: Foul Ball, location: 9LMF
1-2: Ball
2-2: Ground out 4-3 (Groundball, 4D, EV 100.0 MPH)
Batting: RHB Josh Tatro 0-0: Called Strike
0-1: Ball
1-1: DOUBLE (Flyball, 8RXD, EV 111.3 MPH)
Batting: LHB Roarke White 0-0: Ball
1-0: Called Strike
1-1: Fly out, F9 (Line Drive, 9S, EV 69.4 MPH)
Top of the 9th over - 0 runs, 1 hit, 0 errors, 1 left on base; Amarillo 2 - Northwest Arkansas 7
Tuesday, November 5th , 2024 - OOTP Baseball 25.9 Build 90